 Dungeon Crawl Stone Soup version 0.27-a0-1301-g128193abf8 (webtiles) character file.

Game seed: 16200138677810319304

6168 flotson the Skirmisher (level 10, -7/77 HPs)
             Began as a Demonspawn Delver on June 17, 2021.
             Mangled by a sixfirhy (9 damage)
             ... summoned by a kobold demonologist
             ... on level 9 of the Dungeon.
             The game lasted 00:28:54 (14108 turns).

flotson the Skirmisher (Demonspawn Delver)         Turns: 14108, Time: 00:28:54

Health: -7/77      AC: 10    Str: 17    XL:     10   Next: 60%
Magic:  10/10      EV: 10    Int: 11    God:
Gold:   556        SH:  0    Dex: 14    Spells: 9/9 levels left

rFire    . . .     SeeInvis .   a - +0 hand axe (elec)
rCold    . . .     Faith    .   r - +0 kite shield
rNeg     . . .     Spirit   .   k - +0 scale mail
rPois    .         Reflect  .   D - +2 hat
rElec    .         Harm     .   (no cloak)
rCorr    .         Rampage  .   (no gloves)
Will     .....                  c - +0 pair of boots
Stlth    ..........             (no amulet)
HPRegen  0.22/turn              p - ring of flight
MPRegen  0.12/turn              (no ring)

@: confused, ambrosia-drunk, flying
A: antennae 1, claws 2, talons 2, demonic guardian 1, ignite blood 2
a: no special abilities


You were on level 9 of the Dungeon.
You visited 2 branches of the dungeon, and saw 10 of its levels.

You collected 556 gold pieces.

Inventory:

Hand Weapons
 a - a +0 hand axe of electrocution (weapon)
 b - a +0 hunting sling
 f - a +1 trident of protection
 o - a +1 vorpal trident
Missiles
 e - 76 sling bullets
 m - 43 poisoned darts
 y - 4 silver javelins (quivered)
 E - 4 boomerangs
Armour
 c - a +0 pair of boots (worn)
 k - a +0 scale mail (worn)
 r - a +0 kite shield (worn)
 D - a +2 hat (worn)
Jewellery
 p - a ring of flight (left claw)
Wands
 g - a wand of digging (1)
 j - a wand of iceblast (8)
Scrolls
 d - 2 scrolls of holy word {unknown}
 i - 2 scrolls of immolation {unknown}
 l - a scroll of brand weapon {unknown}
 q - 2 scrolls of enchant weapon {unknown}
 s - 3 scrolls of teleportation
 u - a scroll of vulnerability {unknown}
 v - a scroll of enchant armour {unknown}
 B - 2 scrolls of blinking {unknown}
 H - a scroll of amnesia {unknown}
Potions
 h - 3 potions of lignification
 A - a potion of berserk rage {unknown}
 C - a potion of resistance {unknown}
 F - a potion of mutation {unknown}
 G - a potion of haste


   Skills:
 + Level 6.8 Fighting
 + Level 6.0 Axes
 + Level 5.2 Throwing
 + Level 5.6 Armour
 + Level 5.9 Dodging
 - Level 4.5 Stealth
 + Level 5.1 Shields
 + Level 5.7 Evocations


You had 9 spell levels left.
You didn't know any spells.
Your spell library contained the following spells:

 Spells                   Type           Power      Damage    Failure   Level
 Corona                   Hex            0%         N/A       98%         1
 Magic Dart               Conj           0%         1d3       98%         1
 Sandblast                Erth           0%         2d4       98%         1
 Ensorcelled Hibernation  Hex/Ice        0%         N/A       99%         2
 Passwall                 Tmut/Erth      0%         N/A       99%         2
 Searing Ray              Conj           0%         3d3       99%         2
 Confusing Touch          Hex            0%         N/A       100%        3
 Dazzling Flash           Conj/Hex       0%         N/A       100%        3
 Stone Arrow              Conj/Erth      0%         3d7       100%        3
 Tukima's Dance           Hex            0%         N/A       100%        3
 Fulminant Prism          Conj/Hex       0%         3d6       100%        4
 Iskenderun's Mystic Bla  Conj/Tloc      0%         2d3       100%        4
 Petrify                  Tmut/Erth      0%         N/A       100%        4
 Lee's Rapid Deconstruct  Erth           0%         3d5*      100%        5


Dungeon Overview and Level Annotations

Branches:
Dungeon (9/15)             Temple (1/1) D:4
   Lair: D:8-11         Orc: D:9-12

Altars:
Cheibriados
Dithmenos
Elyvilon
Fedhas
Hepliaklqana
Kikubaaqudgha
Makhleb
Nemelex Xobeh
Okawaru
Qazlal
Ru
Sif Muna
Trog
Uskayaw
Vehumet
Wu Jian
Xom
Yredelemnul
Zin
The Shining One

Shops:
D:4 [[


Innate Abilities, Weirdness & Mutations

You have a pair of small antennae on your head.
You have very sharp fingernails.
You have razor-sharp toenails.
A weak demonic guardian rushes to your aid.
Your demonic aura often causes spilled blood to erupt in flames.


Message History

The sixfirhy barely misses you.
A kobold comes into view. It is wielding a +0 dagger.
The kobold demonologist hits you but does no damage.
The kobold demonologist gestures wildly while chanting.
Send 'em back where they came from!
Your iron imp disappears in a puff of smoke!
Okay, then.
You swap places.
Your iron imp hits the kobold but does no damage.
The kobold hits your iron imp but does no damage.
You are confused.
You feel invigorated. The sixfirhy hits your iron imp.
The sixfirhy shocks your iron imp.
Your iron imp resists.
Your iron imp completely misses the sixfirhy.
The sixfirhy hits your iron imp but does no damage.
The sixfirhy closely misses your iron imp.
The sixfirhy hits your iron imp!
Your iron imp dies!
The sixfirhy misses you.
You bump into the rock wall.
The sixfirhy barely misses you.
Non-targeted confused throw: 6 javelins (silver)
Press: ? - help, Q - select action, (/) - cycle Dir - look around, f - activate Look: a kobold demonologist, wielding a +0 dagger and wearing a +0 robe (38% to hit)
You throw a silver javelin.
Non-targeted confused throw: 5 javelins (silver)
Press: ? - help, Q - select action, (/) - cycle Dir - look around, f - activate Look: a kobold demonologist, wielding a +0 dagger and wearing a +0 robe (38% to hit)
You throw a silver javelin.
The silver javelin completely misses the sixfirhy.
The silver javelin misses the quasit.
The sixfirhy hits you but does no damage.
The sixfirhy hits you!
* * * LOW HITPOINT WARNING * * *
The sixfirhy shocks you!
* * * LOW HITPOINT WARNING * * *
The sixfirhy hits you.
* * * LOW HITPOINT WARNING * * *
The sixfirhy shocks you!
You die...

####o..[o######..o...oo...#
#.....o....# ####o.$.....#
#o#######.^.# ###+######
#.# ### #.#.##
#o#######....# #
#o..+_+......# # #.###+#
#....# # #.# #. #....###
###.###.###...5#@+
o...........ยง55#3#
#########...K.K5K# #
#....5K### ###K#### #...#
#### ###'######
...####........#
...##.'........'.


You could see a kobold demonologist, a sixfirhy (summoned), a quasit (summoned)
and a kobold.

Vanquished Creatures
  A boulder beetle (D:7)
  A two-headed ogre (D:8)
  A troll (D:8)
  Grinder (D:4)
  6 yaks
  3 vampire mosquitoes (D:9)
  Menkaure (D:6)
  A water moccasin (D:9)
  Purgy (D:4)
  2 sky beasts
  3 orc warriors
  2 black bears
  An ice beast (D:6)
  An ogre (D:4)
  2 necrophages
  2 centaurs
  A scorpion (D:6)
  4 gnoll sergeants
  6 killer bees (D:7)
  A howler monkey (D:8)
  A centaur zombie (D:6)
  An orc priest (D:3)
  A bullfrog skeleton (D:5)
  2 centaur skeletons
  4 hounds
  2 iguanas
  3 jellies
  Terence (D:3)
  Natasha (thrice) (D:3)
  6 orc wizards
  A howler monkey zombie (D:4)
  Robin (D:4)
  2 adders
  26 gnolls
  A howler monkey skeleton (D:7)
  2 shadow imps (D:6)
  A white imp (D:7)
  A worm (D:3)
  23 orcs
  3 ball pythons
  5 bats
  9 endoplasms
  4 giant cockroaches
  22 goblins
  9 hobgoblins
  6 jackals
  2 quokkas
  7 frilled lizards
  10 kobolds
  11 rats
211 creatures vanquished.

Vanquished Creatures (collateral kills)
  An orc priest (D:8)
  2 orcs (D:9)
3 creatures vanquished.

Vanquished Creatures (others)
  12 plants (D:1)
  A withered plant (D:1)
13 creatures vanquished.

Grand Total: 227 creatures vanquished

Notes
Turn   | Place    | Note
-------+----------+-------------------------------------------
     0 | D:5      | flotson the Demonspawn Delver began the quest for the Orb.
     0 | D:5      | Reached XP level 1. HP: 18/18 MP: 1/1
    46 | D:5      | Reached skill level 1 in Armour
    46 | D:5      | Gained mutation: You have sharp fingernails. [demonic
                  | ancestry]
    46 | D:5      | Reached XP level 2. HP: 7/24 MP: 2/2
    46 | D:5      | Gained mutation: You have sharp toenails. [demonic
                  | ancestry]
    46 | D:5      | Reached XP level 3. HP: 9/29 MP: 3/3
   736 | D:5      | Found a sparkling altar of Nemelex Xobeh.
   736 | D:5      | Found a shimmering altar of Xom.
   738 | D:5      | Found a shadowy altar of Dithmenos.
   738 | D:5      | Found a snail-covered altar of Cheibriados.
   909 | D:4      | Noticed a necrophage
   923 | D:4      | Found Ixaff's Armour Shoppe.
   952 | D:4      | Found Gewkoveu's Antique Armour Shop.
   982 | D:3      | Noticed Purgy
   982 | D:3      | Noticed Terence
   989 | D:3      | Noticed Natasha
  1028 | D:2      | Gained mutation: You have a pair of small antennae on your
                  | head. [demonic ancestry]
  1028 | D:2      | Reached XP level 4. HP: 26/35 MP: 4/4
  1754 | D:1      | Found a faded altar of an unknown god.
  2678 | D:2      | Reached skill level 1 in Evocations
  2771 | D:2      | Reached XP level 5. HP: 42/42 MP: 5/5
  3407 | D:3      | Reached skill level 1 in Throwing
  3590 | D:3      | Killed Natasha
  3803 | D:3      | Killed Terence
  4197 | D:3      | Noticed Natasha
  4208 | D:3      | Killed Natasha
  4209 | D:3      | Gained mutation: Your demonic aura sometimes causes spilled
                  | blood to erupt in flames. [demonic ancestry]
  4209 | D:3      | Reached XP level 6. HP: 27/48 MP: 6/6
  4222 | D:3      | Noticed Natasha
  4348 | D:3      | Killed Natasha
  4408 | D:3      | Found an ancient bone altar of Kikubaaqudgha.
  4653 | D:4      | Killed Purgy
  4654 | D:4      | Reached skill level 1 in Shields
  4667 | D:4      | Gained mutation: You have razor-sharp toenails. [demonic
                  | ancestry]
  4667 | D:4      | Reached XP level 7. HP: 32/54 MP: 7/7
  4927 | D:4      | Found a staircase to the Ecumenical Temple.
  4934 | D:4      | Noticed Robin
  4953 | D:4      | Killed Robin
  4978 | Temple   | Entered the Ecumenical Temple
  5789 | D:4      | Found a sacrificial altar of Ru.
  5789 | D:4      | Noticed Grinder
  5792 | D:4      | Paralysed by Grinder for 4 turns
  5796 | D:4      | Killed Grinder
  5954 | D:4      | Found a staircase to the Ecumenical Temple.
  6011 | D:4      | Found Ixaff's Armour Shoppe.
  6089 | D:4      | Found Gewkoveu's Antique Armour Shop.
  6305 | D:4      | Found a sacrificial altar of Ru.
  6599 | D:5      | Gained mutation: A weak demonic guardian rushes to your
                  | aid. [demonic ancestry]
  6599 | D:5      | Reached XP level 8. HP: 49/61 MP: 8/8
  7342 | D:6      | Reached skill level 5 in Fighting
  7393 | D:6      | Found a shadowy altar of Dithmenos.
  7539 | D:6      | Noticed Menkaure
  7622 | D:6      | Killed Menkaure
  8635 | D:7      | Gained mutation: Your demonic aura often causes spilled
                  | blood to erupt in flames. [demonic ancestry]
  8635 | D:7      | Reached XP level 9. HP: 61/68 MP: 9/9
  8692 | D:7      | Noticed a boulder beetle
  8719 | D:7      | Killed a boulder beetle
  9537 | D:7      | Reached skill level 5 in Axes
  9835 | D:7      | Reached skill level 5 in Dodging
 12257 | D:8      | Noticed a troll
 12265 | D:8      | Killed a troll
 12266 | D:8      | Reached skill level 5 in Evocations
 12396 | D:8      | Found an iron altar of Okawaru.
 12398 | D:8      | Found a hazy altar of Hepliaklqana.
 12434 | D:8      | Found a radiant altar of Vehumet.
 12475 | D:8      | Reached skill level 5 in Armour
 12923 | D:9      | Gained mutation: You have very sharp fingernails. [demonic
                  | ancestry]
 12923 | D:9      | Reached XP level 10. HP: 76/76 MP: 10/10
 12973 | D:9      | Noticed a two-headed ogre
 13138 | D:8      | Killed a two-headed ogre
 13355 | D:9      | Reached skill level 5 in Throwing
 13600 | D:9      | Found a hide-covered altar of Uskayaw.
 14076 | D:9      | Reached skill level 5 in Shields
 14099 | D:9      | Noticed a sixfirhy
 14101 | D:9      | HP: 2/77 [sixfirhy[a kobold demonologist] (11)]
 14108 | D:9      | HP: 2/77 [sixfirhy[a kobold demonologist] (6)]
 14108 | D:9      | Mangled by a sixfirhy

Illustrated notes

Levels and vault maps discovered:
D:1:      sevenhm_arrival_forest_fort_large_2, layout_basic,
          ebering_ecumenical_altar_petrified, minmay_hedge_maze,
          serial_bayou_lake_a
D:2:      layout_basic, minmay_3d_cube
D:3:      layout_loops_ring, general_overflow_altar,
          chequers_serial_rivers_micro_b, uniq_natasha, uniq_purgy, uniq_terence
D:4:      layout_loops_ring, nicolae_ru_the_path_less_chosen,
          minmay_temple_entry_offerings, serial_shops, shop, shop, hex_tiny,
          uniq_robin, uniq_grinder
D:5:      layout_gridville, doesnt_xom_only_xom
D:6:      layout_rooms, nicolae_overflow_crystal_walls, lemuel_tele_altar,
          uniq_menkaure
D:7:      layout_gridville, minmay_misc_feat_secret_circle, minmay_small_thing
D:8:      layout_cave_pools, nicolae_vehumet_altar_sigil, marbit_many_paths,
          nicolae_overflow_hidden_temple, serial_column_ruins,
          column_ruins_columns_straight, column_ruins_columns_corner,
          column_ruins_columns_plus, column_ruins_columns_straight,
          column_ruins_open_tiny, column_ruins_grid_1, column_ruins_grid_1
D:9:      layout_roguey, lemuel_doored_altar, enter_bailey_5,
          kennysheep_big_empty_room
Temple:   dpeg_chambers_temple

Skill      XL: |  1  2  3  4  5  6  7  8  9 10 |
---------------+-------------------------------+-----
Axes           | 2 3 4 5 6 |  6.0
Armour         | 1 2 3 4 5 |  5.6
Dodging        | 2 3 4 5 |  5.9
Evocations     | 1 2 3 4 5 |  5.7
Throwing       | 1 2 3 4 5 |  5.2
Fighting       | 4 5 6 |  6.8
Shields        | 1 2 3 4 5 |  5.1
Stealth        | |  4.5

Action                   |  1- 3 |  4- 6 |  7- 9 | 10-12 || total
-------------------------+-------+-------+-------+-------++-------
Melee: Hand axe          |    39 |   194 |   279 |    62 ||   574
       Kick              |     2 |       |       |       ||     2
       Trident           |       |       |       |    27 ||    27
 Fire: Hunting sling     |       |    13 |    11 |       ||    24
Throw: Dart              |       |    10 |    98 |    20 ||   128
       Boomerang         |       |       |     2 |       ||     2
       Javelin           |       |       |     1 |     2 ||     3
Evoke: Wand              |       |     4 |     4 |     1 ||     9
  Use: Potion            |     1 |       |     4 |     3 ||     8
       Scroll            |     3 |       |     9 |     1 ||    13
 Stab: Sleeping          |     1 |     6 |     2 |       ||     9
       Distracted        |       |     1 |       |       ||     1
Armor: Leather armour    |     5 |       |       |       ||     5
       Ring mail         |     8 |    65 |    59 |       ||   132
       Scale mail        |       |       |    59 |    29 ||    88
Dodge: Dodged            |    31 |    92 |   158 |    42 ||   323
Block: Buckler           |       |    12 |    37 |       ||    49
       Kite shield       |       |       |    60 |    70 ||   130

Table legend: (Time is in decaauts)
 A = Elapsed time spent in this place.
 B = Non-inter-level travel time spent in this place.
 C = Inter-level travel time spent in this place.
 D = Time resting spent in this place.
 E = Time spent auto-exploring this place.
 F = Levels seen in this place.
 G = Mean time per level.
                   A        B        C        D        E       F      G
               +--------+--------+--------+--------+--------+-----+--------+
         Total |  14236 |  13689 |    547 |   2006 |   9190 |  10 | 1423.6 |
       Dungeon |  13842 |  13323 |    519 |   2006 |   8824 |   9 | 1538.0 |
        Temple |    394 |    366 |     28 |      0 |    366 |   1 |  394.0 |
               +--------+--------+--------+--------+--------+-----+--------+

Top non-repeatable levels by time:
     D:7: 4047 daAuts
     D:4: 1629 daAuts
     D:2: 1526 daAuts
     D:5: 1449 daAuts
     D:1: 1265 daAuts
     D:8: 1164 daAuts
     D:9: 1008 daAuts
     D:3: 932 daAuts
     D:6: 819 daAuts
  Temple: 394 daAuts
